 Dungeon Crawl Stone Soup version 0.30.0-20-g3615ddf2f0 (webtiles) character file.

Game seed: 3000535256165341643

184 qw the Chopper (level 5, -8/32 HPs)
             Began as a Gargoyle Fighter on May 28, 2023.
             Killed by divine providence
             ... invoked by an orc priest
              (15 damage)
             ... on level 3 of the Dungeon.
             The game lasted 00:00:51 (1830 turns).

qw the Chopper (Gargoyle Fighter)                   Turns: 1830, Time: 00:00:51

Health: -8/32      AC: 13    Str: 21    XL:     5   Next: 64%
Magic:  5/5        EV:  9    Int:  9    God:
Gold:   143        SH:  4    Dex:  9    Spells: 4/4 levels left

rFire   . . .        Y - +1 war axe
rCold   . . .        c - +0 buckler
rNeg    + + .        b - +0 scale mail
rPois   inf          j - +0 helmet
rElec   +            (no cloak)
rCorr   .            f - +0 pair of gloves
SInv    .            (no boots)
Will    .....        (no amulet) Stlth
                     i - ring of positive energy
HPRegen 0.25/turn    (no ring)
MPRegen 0.09/turn

%: no passive effects
@: no status effects
A: sickness immunity, AC +4, negative energy resistance 1, electricity
resistance, torment resistance 1, petrification resistance
a: no special abilities


You were on level 3 of the Dungeon.
You visited 1 branch of the dungeon, and saw 3 of its levels.

You collected 143 gold pieces.


Innate Abilities, Weirdness & Mutations

You are immune to sickness and miasma.
Your stone body is resilient. (AC +4)
You are immune to poison.
You resist negative energy. (rN+)
You are resistant to electric shocks. (rElec)
You are resistant to unholy torment.
You are immune to petrification.


   Skills:
 + Level 3.2 Fighting
 - Level 5.2 Axes
 - Level 3.2 Armour
 - Level 3.2 Shields


You had 4 spell levels left.
You didn't know any spells.
Your spell library was empty.

Inventory:

Hand Weapons
 o - a +2 whip of pain
 Y - a +1 war axe (weapon)
Missiles
 a - 3 boomerangs (quivered)
Armour
 b - a +0 scale mail (worn)
 c - a +0 buckler (worn)
 f - a +0 pair of gloves (worn)
 j - a +0 helmet (worn)
Jewellery
 h - a ring of ice
 i - a ring of positive energy (left hand)
Scrolls
 e - a scroll of immolation {unknown}
 k - 2 scrolls of teleportation {unknown}
Potions
 d - a potion of might
 g - a potion of brilliance {unknown}
 l - 2 potions of attraction
 m - a potion of haste {unknown}
 n - 2 potions of curing

Dungeon Overview and Level Annotations

Branches:
Dungeon (3/15)

Altars:
Ru

Shops:
D:2 [


Message History

The orc priest is lightly wounded.
You barely miss the orc.
The orc priest mumbles some strange prayers to Beogh against you.
Beogh smites you!
The orc priest calls down the wrath of Beogh upon you.
You barely resist. You hit the orc priest.
The orc priest is moderately wounded.
You hit the orc. You closely miss the orc priest.
The orc priest closely misses you. The orc barely misses you.
The orc priest hits you but does no damage.
You hit the orc.
You kill the orc!
You hit the orc priest. You slash the orc priest!
The orc priest closely misses you.
The orc priest hits you with a +0 short sword.
You hit the orc priest.
You kill the orc priest!
You closely miss the orc wizard. You hit the orc priest.
The orc wizard hits you but does no damage.
The orc priest looks encouraged for a moment.
Your Axes skill increases to level 5!
You closely miss the orc priest.
The orc priest is heavily wounded.
You hit the orc wizard. You block the orc priest's attack.
The orc wizard hits you but does no damage. x2
You block the orc priest's attack.
You barely miss the orc priest.
The orc priest is heavily wounded.
You slash the orc wizard! The orc wizard barely misses you.
The orc priest hits you but does no damage.
You closely miss the orc wizard.
The orc wizard is almost dead.
You closely miss the orc priest.
The orc wizard hits you but does no damage.
The orc priest mumbles some strange prayers to Beogh against you.
Beogh smites you!
You die...

#.. #...#.#.## #.#
#..##.##.# #(#
#..##....# #.#
#..####>.# #.#
#...###.## #.# #..#....#
##.####### #..####.#
..<..)...#######).####.#
...###......<..o@......#
######.# #####.o########
.%.....#. #.. #........
#.. #.#####.. ... #.#
##.. #.# #.. ...... ...
#.####


You could see an orc priest and an orc wizard.

Vanquished Creatures
  An orc priest (D:3)
  Natasha (thrice) (D:2)
  3 adders (D:2)
  A worm (D:2)
  2 orcs (D:3)
  4 ball pythons
  6 bats
  6 endoplasms
  A giant cockroach (D:2)
  4 goblins
  4 hobgoblins
  4 quokkas
  7 frilled lizards
  2 kobolds (D:2)
  3 rats
51 creatures vanquished.

Notes
Turn   | Place    | Note
-------+----------+-------------------------------------------
     0 | D:1      | qw the Gargoyle Fighter began the quest for the Orb.
     0 | D:1      | Reached XP level 1. HP: 14/14 MP: 1/1
     0 | D:1      | 0 ||| qw: Version: 0.2-a-101-gf8a7cd0
     0 | D:1      | 0 ||| qw: Game counter: 272
     0 | D:1      | 0 ||| qw: Always use a shield: true
     0 | D:1      | 0 ||| qw: God list: Okawaru
     0 | D:1      | 0 ||| qw: Allow faded altars: false
     0 | D:1      | 0 ||| qw: Do Orc after D:15 true
     0 | D:1      | 0 ||| qw: Do second Lair branch before Depths: true
     0 | D:1      | 0 ||| qw: Lair rune preference: random
     0 | D:1      | 0 ||| qw: Plans: Normal, Zot:1-4, Slime:5, God:TSO, Crypt,
                  | Tomb, Pan, Hells, Abyss, Win
     0 | D:1      | 0 ||| PLANNING D:1-11
    79 | D:1      | Reached skill level 2 in Axes
   245 | D:1      | 245 ||| DROPPING +0 club.
   270 | D:1      | Reached XP level 2. HP: 19/19 MP: 2/2
   812 | D:1      | 812 ||| UPGRADING to +0 helmet.
   817 | D:1      | 817 ||| UPGRADING to ring of positive energy.
   818 | D:1      | 818 ||| READING scroll labelled EWEMMA FULI.
   919 | D:1      | 919 ||| READING scroll labelled YHOYMIFIHA.
   920 | D:1      | 920 ||| READING scroll labelled IKIGHYMAOL.
   921 | D:1      | 921 ||| READING scroll labelled DEKHLA YNOP.
   922 | D:1      | 922 ||| DRINKING 3 lumpy inky potions.
   951 | D:2      | 951 ||| STAIRDANCE
   956 | D:1      | Reached skill level 3 in Axes
  1003 | D:2      | Reached XP level 3. HP: 22/23 MP: 3/3
  1051 | D:2      | Found a sacrificial altar of Ru.
  1068 | D:2      | Noticed Natasha
  1075 | D:2      | Killed Natasha
  1076 | D:2      | Reached skill level 4 in Axes
  1076 | D:2      | Reached XP level 4. HP: 23/28 MP: 4/4
  1148 | D:2      | Found Eplarryu's Antique Armour Emporium.
  1156 | D:2      | 1156 ||| SHOPLISTING pair of glowing boots (240 gold, have
                  | 90).
  1156 | D:2      | 1156 ||| SHOPLISTING runed ring mail (224 gold, have 90).
  1255 | D:2      | Noticed Natasha
  1262 | D:2      | Killed Natasha
  1325 | D:2      | Noticed Natasha
  1326 | D:2      | 1326 ||| Stepping ~*~*~tactically~*~*~ (hiding).
  1338 | D:2      | Killed Natasha
  1339 | D:2      | Reached XP level 5. HP: 22/32 MP: 5/5
  1462 | D:2      | 1462 ||| Stepping ~*~*~tactically~*~*~ (hiding).
  1476 | D:2      | 1476 ||| DROPPING +0 whip.
  1621 | D:2      | 1621 ||| UPGRADING to +0 pair of gloves.
  1626 | D:2      | 1626 ||| DROPPING ring of magical power.
  1627 | D:2      | 1627 ||| READING scroll labelled POXZAEKEID.
  1628 | D:2      | 1628 ||| READING scroll labelled UDET SILANU.
  1629 | D:2      | 1629 ||| READING scroll labelled ARYTHO DONAALO.
  1630 | D:2      | 1630 ||| DRINKING 2 emerald potions.
  1817 | D:3      | 1817 ||| Stepping ~*~*~tactically~*~*~ (hiding).
  1818 | D:3      | 1818 ||| Stepping ~*~*~tactically~*~*~ (hiding).
  1826 | D:3      | HP: 5/32 [orc priest/+0 short sword (5)]
  1828 | D:3      | Reached skill level 5 in Axes
  1830 | D:3      | Killed from afar by an orc priest

Levels and vault maps discovered:
D:1:      lemuel_arrival_funnel, layout_basic, hangedman_decor_clover_reticule
D:2:      layout_basic, serial_shops, nicolae_shop_crystal, basic_altar,
          uniq_natasha
D:3:      layout_loops_ring, hellmonk_ecumenical_altar_leap_of_faith

Skill      XL: |  1  2  3  4  5 |
---------------+----------------+-----
Axes           | 2 3 4 5 |  5.2
Fighting       | |  3.2
Armour         | |  3.2
Shields        | |  3.2

Action                     |  1- 3 |  4- 6 || total
---------------------------+-------+-------++-------
  Melee: War axe           |    71 |    57 ||   128
  Throw: Boomerang         |     4 |    15 ||    19
    Use: Scroll            |     4 |     3 ||     7
         Potion            |     1 |     1 ||     2
 Armour: Scale mail        |    38 |    34 ||    72
  Dodge: Dodged            |    21 |    18 ||    39
  Block: Buckler           |    18 |    13 ||    31

Table legend:
 A = Non-vault XP
 B = Vault XP
 C = Vault XP percentage of total XP
 D = Non-vault monster count
 E = Vault monster count
 F = Vault count percentage of total count
                 A         B        C        D         E       F
            +---------+---------+-------+---------+---------+-------
      Total |     228 |      36 |  13.6 |      50 |       1 |   2.0
            +---------+---------+-------+---------+---------+-------
        D:1 |      28 |       0 |   0.0 |      15 |       0 |   0.0
        D:2 |     143 |      36 |  20.1 |      25 |       1 |   3.8
        D:3 |      57 |       0 |   0.0 |      10 |       0 |   0.0
            +---------+---------+-------+---------+---------+-------
